 Dungeon Crawl Stone Soup version 0.18.1-6-gd335043 (webtiles) character file.

123 Ijustatesigmund the Chucker (level 4, 0/67 HPs)
             Began as a Troll Hunter on May 19, 2016.
             Slain by a jackal (2 damage)
             ... on level 2 of the Dungeon.
             The game lasted 00:03:56 (864 turns).

Ijustatesigmund the Chucker (Troll Hunter)           Turns: 864, Time: 00:03:56

Health: 0/67       AC:  5    Str: 25    XL:     4   Next: 79%
Magic:  3/3        EV:  9    Int:  7    God:
Gold:   98         SH:  0    Dex: 11    Spells: 0 memorised, 3 levels left

rFire  . . .     SeeInvis .       - Unarmed
rCold  . . .     Gourm    +     b - +0 robe
rNeg   . . .     Faith    .     (no shield)
rPois  .         Spirit   .     (helmet restricted)
rElec  .         Dismiss  .     (no cloak)
rCorr  .         Reflect  .     (gloves unavailable)
SustAt .         Harm     .     (boots unavailable)
MR     .....                    (no amulet)
Stlth  ..........               (no ring)
                                (no ring)

@: berserking (expiring), lethally poisoned (0 -> 0), drained, very quick, not
resistant to hostile enchantments, extremely unstealthy
A: unfitting armour, claws 3, fast metabolism 3, gourmand, regeneration 2,
shaggy fur 1, tough skin 2
a: no special abilities


You were on level 2 of the Dungeon.
You were very full.

You visited 1 branch of the dungeon, and saw 2 of its levels.

You collected 98 gold pieces.

Inventory:

Missiles
 c - 5 large rocks (quivered)
Armour
 b - a +0 robe (worn)
Scrolls
 i - a scroll of noise {unknown}
Potions
 a - a potion of lignification
 l - a potion of curing
 m - a potion of cancellation
Comestibles
 f - 4 bread rations
 g - 2 slices of pizza
 h - a beef jerky


   Skills:
 + Level 3.2(2.5) Fighting
 - Level 3.6(2.8) Throwing
 - Level 1.5(0.8) Dodging
 - Level 0.4(0.0) Stealth
 + Level 2.8(2.1) Unarmed Combat


You had 3 spell levels left.
You didn't know any spells.

Dungeon Overview and Level Annotations

Branches:
Dungeon (2/15)

Altars:


Innate Abilities, Weirdness & Mutations

You are too large for most types of armour.
You have claws for hands.
Your metabolism is lightning-fast.
You like to eat raw meat.
You heal very quickly.
You are covered in fur (AC +1).
You have very tough skin (AC +2).


Message History

You kill the gnoll!
You feel sick.
The jackal bites you but does no damage.
You barely miss the gnoll. The gnoll barely misses you.
You claw the gnoll!
The gnoll is severely wounded.
The jackal bites you.
* * * LOW HITPOINT WARNING * * *
The jackal closely misses you. The gnoll hits you with a spear!
* * * LOW HITPOINT WARNING * * *
You scratch the gnoll.
You kill the gnoll!
The jackal closely misses you. x2
You closely miss the jackal. The jackal bites you.
* * * LOW HITPOINT WARNING * * *
The jackal completely misses you.
You claw the jackal!
You kill the jackal!
The jackal bites you.
You die...

.#.###### #........#
........####........#
....................#
#..#....###.........#############
#.##.......#.=........#.........#
..###.#.##.#........#...........#
.# #†#..#..........###......?..#
.## #.##.###....h)..###....$?...#
..###...........@)..)...(#..^.(..
...###.....#############.#....$..
...........# #.........
..###......# ##gg......
..###....... ..hS..S.
...........#. ...g..h.
............#. #.......
..####...#..... ..... #.#
#...##.# ..


You could see a jackal.

Vanquished Creatures
  4 gnolls (D:2)
  4 adders
  An ooze (D:1)
  A dart slug (D:2)
  A giant gecko (D:1)
  2 giant cockroaches (D:2)
  A hobgoblin (D:2)
  11 jackals
  2 bats (D:1)
  5 giant newts (D:1)
  3 goblins (D:1)
  7 kobolds
  4 rats
46 creatures vanquished.

Notes
Turn   | Place    | Note
--------------------------------------------------------------
     0 | D:1      | Ijustatesigmund the Troll Hunter began the quest for the Orb.
     0 | D:1      | Reached XP level 1. HP: 19/19 MP: 0/0
    34 | D:1      | Reached skill level 1 in Unarmed Combat
    68 | D:1      | Reached XP level 2. HP: 28/28 MP: 1/1
   311 | D:1      | Reached XP level 3. HP: 32/36 MP: 2/2
   731 | D:2      | Reached XP level 4. HP: 44/44 MP: 3/3
   861 | D:2      | HP: 3/67 [gnoll/spear (9)]
   864 | D:2      | Slain by a jackal

Skill      XL: |  1  2  3  4 |
---------------+-------------+-----
Unarmed Combat | 1 2 |  2.8
Fighting       | 2 3 |  3.2
Throwing       | |  3.6
Dodging        | |  1.5
Stealth        | |  0.4

Action                   |  1- 3 |  4- 6 || total
-------------------------+-------+-------++-------
Melee: Unarmed           |   117 |    29 ||   146
       Punch             |     1 |       ||     1
Throw: Throwing net      |       |     2 ||     2
  Use: Scroll            |     5 |     4 ||     9
       Potion            |       |     1 ||     1
 Stab: Sleeping          |     1 |     1 ||     2
  Eat: Chunk             |    12 |     1 ||    13
Armor: Robe              |    67 |    11 ||    78
Dodge: Dodged            |    72 |    17 ||    89
